 Dungeon Crawl Stone Soup version 0.29.1-15-g9cfb28693d (webtiles) character file.

Game seed: 18338339545488835094

2650 Peloso the Protected (level 9, -4/75 HPs)
             Began as a Minotaur Fighter on Feb 22, 2023.
             Slain by an orc warrior
             ... wielding a +0 war axe
              (8 damage)
             ... in a bailey.
             The game lasted 00:14:39 (6677 turns).

Peloso the Protected (Minotaur Fighter)             Turns: 6677, Time: 00:14:40

Health: -4/75      AC: 18    Str: 19    XL:     9   Next: 36%
Magic:  8/8        EV:  9    Int:  8    God:
Gold:   486        SH:  7    Dex: 23    Spells: 8/8 levels left

rFire   . . .      SeeInvis +   b - +11 spear of Hepliaklqana, Lusting {drain, rCorr Str-3 Int+3 Dex+4}
rCold   . . .      Faith    .   d - +0 buckler
rNeg    . . .      Spirit   .   C - +4 chain mail
rPois   .          Reflect  .   (helmet restricted)
rElec   .          Harm     .   u - +2 cloak
rCorr   +          Rampage  .   (no gloves)
Will    .....                   (no boots)
Stlth   ..........              (no amulet)
HPRegen 0.22/turn               q - ring of see invisible
MPRegen 0.11/turn               y - +6 ring of dexterity

@: invisible
A: horns 2, retaliatory headbutt
a: no special abilities


You were in a bailey.
You visited 1 branch of the dungeon, and saw 7 of its levels.
You also visited: Sewer and Bailey.

You collected 486 gold pieces.

Inventory:

Hand Weapons
 a - a +1 vorpal long sword
 b - the +11 spear of Hepliaklqana, Lusting (weapon) {drain, rCorr Str-3 Int+3 Dex+4}
   (You found it on level 4 of the Dungeon)

   A truly terrible weapon, it drains the life of any living foe it strikes.
   Str:       It affects your strength (-3).
   Int:       It affects your intelligence (+3).
   Dex:       It affects your dexterity (+4).
   rCorr:     It protects you from acid and corrosion.
 c - the +5 long sword "Womiu" {vorpal, Fly Str-4 Dex+5}
   (You found it in a bailey)

   It inflicts extra damage upon your enemies.
   Str:       It affects your strength (-4).
   Dex:       It affects your dexterity (+5).
   Fly:       It grants you flight.
Armour
 d - a +0 buckler (worn)
 u - a +2 cloak (worn)
 C - a +4 chain mail (worn)
Jewellery
 q - a ring of see invisible (left hand)
 w - a +6 ring of intelligence
 y - a +6 ring of dexterity (right hand)
Wands
 r - a wand of polymorph (9)
 s - a wand of iceblast (11)
Scrolls
 f - 2 scrolls of teleportation
 i - a scroll of summoning
 m - a scroll of noise
 o - a scroll of enchant armour
 v - 2 scrolls of blinking
 x - a scroll of enchant weapon
 A - a scroll of silence
Potions
 e - 3 potions of heal wounds
 g - 2 potions of invisibility
 h - a potion of experience {unknown}
 j - a potion of cancellation
 k - a potion of brilliance
 l - 3 potions of might
 n - a potion of ambrosia
 p - 3 potions of mutation
 t - a potion of curing
 z - a potion of resistance {unknown}
 B - 2 potions of lignification {unknown}


   Skills:
 + Level 6.1 Fighting
 + Level 7.2 Long Blades
 + Level 7.8 Polearms
 + Level 8.7 Armour
 + Level 2.7 Dodging
 + Level 0.6 Stealth
 + Level 6.1 Shields
 + Level 0.5 Unarmed Combat


You had 8 spell levels left.
You didn't know any spells.
Your spell library contained the following spells:

 Spells                   Type           Power      Damage    Failure   Level
 Shock                    Conj/Air       0%         1d3       99%         1
 Sting                    Tmut/Pois      0%         1d3       99%         1
 Poisonous Vapours        Pois/Air       0%         N/A       100%        2
 Sublimation of Blood     Necr           0%         N/A       100%        2
 Summon Guardian Golem    Hex/Summ       0%         N/A       100%        3
 Swiftness                Air            0%         N/A       100%        3
 Tukima's Dance           Hex            0%         N/A       100%        3
 Airstrike                Air            0%         2d(0-16)  100%        4
 Animate Armour           Summ/Erth      0%         N/A       100%        4
 Olgreb's Toxic Radiance  Pois           0%         N/A       100%        4
 Passage of Golubria      Tloc           0%         N/A       100%        4
 Petrify                  Tmut/Erth      0%         N/A       100%        4
 Irradiate                Conj/Tmut      0%         3d11      100%        5
 Summon Forest            Summ/Tloc      0%         N/A       100%        5
 Yara's Violent Unravell  Hex/Tmut       0%         3d3       100%        5
 Summon Horrible Things   Summ           0%         N/A       100%        8


Dungeon Overview and Level Annotations

Branches:
Dungeon (7/15)             Temple (0/1) D:7           Sewer (visited)
 Bailey (1/1)

Altars:

Annotations:
D:7 2 transporters, H0rd4k's ghost, novice OpAr


Innate Abilities, Weirdness & Mutations

You have a pair of horns on your head.
You reflexively headbutt those who attack you in melee.


Message History

Unknown command.
You puncture the kobold brigand!
The kobold brigand is almost dead.
The kobold brigand completely misses you.
The kobold brigand closely misses you. You furiously retaliate!
You headbutt the kobold brigand!
You kill the kobold brigand!
Unknown command.
You puncture the kobold brigand! You drain the kobold brigand.
You headbutt the kobold brigand.
The kobold brigand is severely wounded.
You block the kobold brigand's attack.
The orc warrior hits you with a +0 war axe!!
Unknown command.
You puncture the kobold brigand!
You kill the kobold brigand!
Unknown command.
You hit the orc warrior. You headbutt the orc warrior.
The orc warrior is moderately wounded.
Unknown command.
You fade into invisibility!
The orc warrior closely misses you.
The orc warrior hits you with a +0 war axe!
You barely miss the orc knight.
The orc knight hits you with a +0 war axe!!
* * * LOW HITPOINT WARNING * * *
You strike the helpless orc knight from behind!
You hit the orc knight.
The orc knight is lightly wounded.
The orc knight hits you with a +0 war axe!
* * * LOW HITPOINT WARNING * * *
You catch the helpless orc knight completely off-guard!
You puncture the orc knight!
You headbutt the orc knight, but do no damage.
The orc knight is lightly wounded.
You puncture the orc knight!
The orc knight is moderately wounded.
You block the orc knight's attack.
The orc warrior hits you with a +0 war axe!
You die...

#.###~~.......~~###.#
#....~~.......~~....#
#.###~~.......~~###.#
#....~~.......~~....#
#####~~.......~~#####
##~.......~##
####))'#### ##.....##
#∩o@...∩# #.oo8...#
##.K)..## ###)###
...# ...... ........
...........
K...........


You could see an orc knight (unable to see you), 2 orc warriors and a kobold
brigand (unable to see you).

Vanquished Creatures
  A shadow (D:7)
  A wraith (D:5)
  A water moccasin (D:7)
  2 ice beasts
  2 orc warriors (Bailey)
  A sky beast (D:6)
  4 ogres
  3 phantoms (D:6)
  8 kobold brigands
  A scorpion (D:5)
  A necrophage (D:4)
  An orc priest (D:4)
  A hound (D:5)
  Jessica (D:3)
  2 iguanas
  4 orc wizards
  Robin (D:3)
  4 river rats (Sewer)
  7 adders
  A white imp (D:5)
  2 worms
  4 dart slugs
  22 orcs
  6 endoplasms
  5 giant cockroaches
  7 hobgoblins
  11 jackals
  4 quokkas
  18 ball pythons
  A bat (D:3)
  4 frilled lizards
  19 goblins
  35 kobolds
  21 rats
206 creatures vanquished.

Vanquished Creatures (others)
  4 fungi (D:1)
  2 plants (D:1)
6 creatures vanquished.

Grand Total: 212 creatures vanquished

Notes
Turn   | Place    | Note
-------+----------+-------------------------------------------
     0 | D:1      | Peloso the Minotaur Fighter began the quest for the Orb.
     0 | D:1      | Reached XP level 1. HP: 19/19 MP: 0/0
   228 | D:1      | Reached XP level 2. HP: 25/27 MP: 1/1
   593 | D:1      | Reached skill level 4 in Armour
   782 | D:1      | Found a faded altar of an unknown god.
   848 | D:2      | Reached XP level 3. HP: 23/33 MP: 2/2
  1502 | D:2      | You fall into a shaft and drop 1 floor!
  1504 | D:3      | Noticed Robin
  1531 | D:3      | Killed Robin
  1537 | D:3      | Reached XP level 4. HP: 18/40 MP: 3/3
  1824 | D:3      | Identified the +1 helmet of Freedom {Rampage Will+ Str+2}
  1978 | D:3      | Noticed Jessica
  1981 | D:3      | Killed Jessica
  2014 | D:3      | Reached skill level 1 in Dodging
  2024 | D:3      | Reached XP level 5. HP: 46/46 MP: 4/4
  2486 | D:4      | Reached skill level 5 in Long Blades
  2694 | D:5      | Entered Level 5 of the Dungeon
  2694 | D:5      | Noticed a wraith
  2877 | D:4      | Reached XP level 6. HP: 53/53 MP: 5/5
  3084 | D:4      | Identified the +11 spear of Hepliaklqana, Lusting {drain,
                  | rCorr Str-3 Int+3 Dex+4}
  3229 | D:4      | Noticed an ice beast
  3241 | D:4      | Killed an ice beast
  3379 | D:4      | Reached skill level 5 in Armour
  3827 | D:5      | Reached skill level 1 in Polearms
  3827 | D:5      | Reached XP level 7. HP: 58/60 MP: 6/6
  3945 | D:5      | Reached skill level 5 in Fighting
  3981 | D:5      | Reached skill level 6 in Armour
  4080 | D:5      | Killed a wraith
  4494 | D:6      | Reached XP level 8. HP: 68/68 MP: 7/7
  4555 | D:6      | Reached skill level 7 in Armour
  4684 | D:6      | Found a glowing drain.
  4693 | Sewer    | Entered a sewer
  4801 | Sewer    | Reached skill level 5 in Shields
  4939 | Sewer    | Reached skill level 5 in Polearms
  5423 | D:6      | Reached skill level 8 in Armour
  6260 | D:7      | Found a staircase to the Ecumenical Temple.
  6275 | D:7      | Noticed H0rd4k's ghost (novice OpAr)
  6276 | D:7      | Found a transporter.
  6278 | D:7      | Identified the +8 dire flail of Tender Mercy {distort, rN+
                  | Str+7 Int+3}
  6279 | D:7      | Found a transporter.
  6325 | D:7      | Reached XP level 9. HP: 66/75 MP: 8/8
  6355 | D:7      | Found a flagged portal.
  6377 | Bailey   | Entered a bailey
  6619 | Bailey   | Identified the +5 long sword "Womiu" {vorpal, Fly Str-4
                  | Dex+5}
  6624 | Bailey   | Got the Monograph on Lithic Production
  6664 | Bailey   | Noticed an orc knight
  6677 | Bailey   | Slain by an orc warrior

Illustrated notes

Levels and vault maps discovered:
D:1:      dpeg_arrival_rooms_a, layout_basic,
          shapermc_ecumenical_altar_mp_urbaneastern
D:2:      layout_basic, minivault_27
D:3:      layout_basic, uniq_robin, uniq_jessica
D:4:      kennysheep_spiral_hall, layout_loops_ring, kennysheep_generic_room_10
D:5:      layout_rooms
D:6:      layout_layer_cave, cheibrodos_sewer_entry_drain
D:7:      layout_loops_ring, mainiacjoe_overflow_alcove_1,
          minmay_temple_entry_ruins, enter_bailey_3, gammafunk_ghost_smash
Bailey:   bailey_axe_3, bailey

Skill      XL: |  1  2  3  4  5  6  7  8  9 |
---------------+----------------------------+-----
Fighting       | 4 5 6 |  6.1
Armour         | 4 5 6 8 |  8.7
Shields        | 4 5 6 |  6.1
Long Blades    | 3 4 5 6 7 |  7.2
Dodging        | 1 2 |  2.7
Polearms       | 1 3 6 7 |  7.8
Stealth        | |  0.6
Unarmed Combat | |  0.5

Action                   |  1- 3 |  4- 6 |  7- 9 || total
-------------------------+-------+-------+-------++-------
Melee: Long sword        |   100 |   107 |       ||   207
       Headbutt          |    22 |    21 |    38 ||    81
       Unarmed           |       |     4 |       ||     4
       Spear             |       |    25 |   203 ||   228
  Use: Potion            |     2 |       |     3 ||     5
       Scroll            |       |     6 |    10 ||    16
 Stab: Invisible         |       |       |     2 ||     2
Armor: Scale mail        |    59 |     2 |       ||    61
       Plate armour      |       |    22 |       ||    22
       Skin              |       |     3 |       ||     3
       Chain mail        |       |    57 |   128 ||   185
Dodge: Dodged            |    57 |    44 |    81 ||   182
Block: Buckler           |    32 |    23 |    65 ||   120
